Workbook
Name Budget_Neutrality: 'Day Support Rate Framework'!$A$26:$B$27
Name columntitleregion1.b14.g20.1: 'Direct Staffing'!$A$17:$F$19
Name Customization: 'Direct Staffing'!$A$16:$F$19
Name DirectStaff: 'Direct Staffing'!$A$8:$F$10
Name LPN_Units: 'Direct Staffing'!$A$21:$D$23
Name Relief_Staff: 'Direct Staffing'!$A$29:$D$31
Name RN_Units: 'Direct Staffing'!$A$25:$D$27
Name Supervision: 'Direct Staffing'!$A$12:$F$14
Name titleregion1.b5.g6.1: 'Direct Staffing'!$A$9:$F$10
Name titleregion2.b9.g11.1: 'Direct Staffing'!$A$13:$F$14
Name TotalStaffing: 'Direct Staffing'!$A$33:$C$34

Sheet Direct Staffing
A1: Direct Care Staffing:
A3: Step 1. Determine Wage for Direct Care Worker | H3: 1:1 | I3: =1/1 -> 1 | J3: 1 | K3: 1
A4: Base hourly wage | C4: 17.22 | H4: 1:2 | I4: =1/0.548 -> 1.8248175 | J4: 2 | K4: 0.548
A5: Competitive Workforce Factor (CWF) | C5: 0.047 | H5: 1:3 | I5: =1/0.397 -> 2.5188917 | J5: 3 | K5: 0.397
A6: Total wage per hour of service | C6: =ROUND(C4*C5+C4,2) -> 18.03 | H6: 1:4 | I6: =1/0.321 -> 3.1152648 | J6: 4 | K6: 0.321
H7: 1:5 | I7: =1/0.276 -> 3.6231884 | J7: 5 | K7: 0.276
A8: Step 2. Add wage for direct staff | H8: 1:6 | I8: =1/0.246 -> 4.0650407 | J8: 6 | K8: 0.246
A9: Staff Type | B9: Staffing Ratio | C9: CWF Wage | D9: Units | E9: Total cost | F9: Pro-rated cost of staff per Unit | H9: 1:7 | I9: =1/0.224 -> 4.4642857 | J9: 7 | K9: 0.224
A10: Direct Staff | B10: 1:10 | C10: =$C$6 -> 18.03 | D10: 1 | E10: =ROUND(C10/4,4) -> 4.5075 | F10: =ROUND(E10/(VLOOKUP(B10,H3:K14,2,FALSE)),9) -> 0.838395 | H10: 1:8 | I10: =1/0.208 -> 4.8076923 | J10: 8 | K10: 0.208
H11: 1:9 | I11: =1/0.196 -> 5.1020408 | J11: 9 | K11: 0.196
A12: Step 3. Add hours for Supervision | H12: 1:10 | I12: =1/0.186 -> 5.3763441 | J12: 10 | K12: 0.186
A13: Direct Staff Supervision | C13: Wage | D13: Supervision Percent | E13: Supervision Units | F13: Total cost per Unit
A14: Direct Staff Supervision | C14: 21.13 | D14: 0.11 | E14: =ROUND(D10*D14,2) -> 0.11 | F14: =ROUND(((C14/4)*E14)/VLOOKUP(B10,H3:K14,2,FALSE),9) -> 0.10807995
A16: Step 4. Add staffing customization option to meet high level needs provided to an individual
A17: Staffing Customization Options | B17: Add-on $ | C17: Add-on Choice | D17: Total Units | E17: Total Cost per Unit | F17: Staffing Customization Amount per Unit
A18: No Customization | B18: 0 | C18: 0 | D18: =IF(C18>0,D10,0) -> 0 | E18: =ROUND((C18*D18)/4,9) -> 0 | F18: =E18 -> 0
A19: Deaf or hard of hearing | B19: 2.5
A21: Step 5. Add LPN Units | H21: 0
A22: Staff Type | B22: LPN Option | C22: LPN Unit Wage | D22: LPN Amount | H22: 1
A23: LPN | C23: =23.16/4 -> 5.79 | D23: =(C23*B23) -> 0 | H23: 2
H24: 3
A25: Step 6. Add RN Units | H25: 4
A26: Staff Type | B26: RN Option | C26: RN Unit Wage | D26: RN Amount | H26: 5
A27: RN | C27: =37.77/4 -> 9.4425 | D27: =(C27*B27) -> 0
A29: Step 7. Add % to cover vacation, sick and training for individual direct staff hours
A30: Percentage of direct care to cover staffing benefits | D30: Dollar Amount
A31: Percentage for Direct Care Staffing | C31: 0.0871 | D31: =ROUND((F10+F14+F18+D27+D23)*C31,9) -> 0.082437968
A33: Step 8. Calculate daily individual staffing
A34: Total Individual Staffing Amount | C34: =F10+F14+F18+D27+D23+D31 -> 1.0289129

Sheet Program Plan Support
A1: Program Plan Support
A3: Step 1. Determine components of program plan support
A4: Program plan support definition and components included in the program support percentage
A5: Direct service staff necessary to support and related to the provision of Day Support services when not engaged in direct contact with clients.
B6: Documentation
B7: Direct staff preparation and service planning
B8: Collateral contact related to direct service
A9: Total % of program support | C9: 0.056

Sheet Emp. Related Exp.
A1: Employee Related Expense
A3: Step 1. Add in standard employment related expense percentage
A4: Employee Related Expense Description | C4: Benefit %
A5: Taxes & Workers Comp | C5: 0.1156
B6: (including FICA, FUTA, SUTA, Workers Comp, Medicare tax)
A8: Other Benefits (could include but not limited to:) | C8: 0.1204
B9: Health insurance
B10: Dental insurance
B11: Vision
B12: Life insurance
B13: Short-term disability insurance
B14: Long-term disability insurance
B15: Retirement
B16: Tuition reimbursement
B17: Wellness program
A19: * Total Employee Related Expense Percentage | C19: =SUM(C5:C18) -> 0.236
A21: * percentage of direct staffing costs

Sheet Client Programming & Supports
A1: Client Programming and Supports
A3: Step 1. Add in standard client programming and supports percentage
A4: Benefit Description | C4: Standard %
A5: Category to cover costs to provide participants access to the community or care in their program. Examples include, but are not limited to: - Participation costs for staff - Reinforcers as defined in the participant’s support plan - Transportation provided as part of Day Support Services to provide in-program transportation for the participant to increase access to the community outside the DT&H location - State plan or other available waiver services must be accessed first, and those services must be billed separately. | C5: 0.109
A7: Step 2. Total Client Programming and Supports percentage
A8: Total Percentage | C8: Total %
A9: Total Client Programming and Supports percentage | C9: =C5 -> 0.109

Sheet Program Facility
A1: Program Facility
A3: Step 1: Calculate a flat rate/person based on staffing ratio
A4: Staffing Ratio | B4: Rate per person per Unit | C4: Unit Facility Cost
A5: ='Direct Staffing'!B10 -> 1:10 | B5: =ROUND(21.04/120,9) -> 0.17533333 | C5: =ROUND(((1+1/(VLOOKUP(A5,'Direct Staffing'!H3:K13,2,FALSE)))*B5),9) -> 0.20794533

Sheet Program Related Expenses
A1: Program Related Expenses
A3: Step 1. Add in standard general and administrative support percentage
A4: General and Administrative Support % | E4: %
A5: Standard G&A | E5: 0.1325
A6: Program G&A | E6: 0.018
A7: Utilization Factor | E7: 0.094
A8: Total Program Related Expenses percentage | E8: =SUM(E5:E7) -> 0.2445

Sheet Regional Variance Factor
A3: Step 1: Select County of Residence
A4: County of Residence | B4: Select County
A5: Region | B5: =INDEX($C$10:$C$108,MATCH(B4:D4,B10:B108,0)) -> Unspecified Region
A7: RVF | B7: =INDEX($D$10:$D$108,MATCH(B4:D4,B10:B108,0)) -> -
B9: COR Lead Agency | C9: MSA Region | D9: RVF
B10: Select County | C10: Unspecified Region | D10: -
B11: Aitkin | C11: Northeast Region | D11: 0.99
B12: Anoka | C12: Metro Region | D12: 1.004
B13: Becker | C13: Northwest Region | D13: 0.967
B14: Beltrami | C14: Northwest Region | D14: 0.967
B15: Benton | C15: St. Cloud Region | D15: 1.017
B16: Big Stone | C16: Southwest Region | D16: 0.986
B17: Blue Earth | C17: Mankato Region | D17: 1.022
B18: Brown | C18: Southeast Region | D18: 1.027
B19: Carlton | C19: Duluth Region | D19: 0.965
B20: Carver | C20: Metro Region | D20: 1.004
B21: Cass | C21: Northwest Region | D21: 0.967
B22: Chippewa | C22: Southwest Region | D22: 0.986
... B108: Prairie Island Tribe | C108: Southeast Region | D108: 1.027

Sheet Day Support Rate Framework
A1: FRAMEWORK FOR DAY SUPPORT SERVICES
A3: Direct Staffing | D3: Rate Calculation: | F3: MnSPA
A4: Total costs for staffing per unit | B4: ='Direct Staffing'!C34 -> 1.0289129 | D4: =B4 -> 1.0289129
A6: Program Support
A7: Program Support standard | B7: ='Program Plan Support'!C9 -> 0.056 | D7: =ROUND(B7*D4,9) -> 0.057619123
A9: Employee Related Expenses
A10: Total Benefit Percentage | B10: ='Emp. Related Exp.'!C19 -> 0.236 | D10: =ROUND(B10*(D4+D7),10) -> 0.25642156
A12: Client Programming and Supports
A13: Client Programming and Supports Standard | B13: ='Client Programming & Supports'!C9 -> 0.109 | D13: =ROUND((D4+D7+D10)*B13,9) -> 0.14638194
A15: Program Facility
A16: Program Facility cost | B16: ='Program Facility'!C5 -> 0.20794533 | D16: =B16 -> 0.20794533
A18: G&A
A19: Total G&A Standard | B19: ='Program Related Expenses'!E8 -> 0.2445 | D19: =E19-(D4+D7+D10+D13+D16) -> 0.54928547 | E19: =ROUND((D4+D7+D10+D13+D16)/(1-B19),9) -> 2.2465664
A21: Regional Variance
A22: Regional Variance Factor | B22: ='Regional Variance Factor'!B7 -> - | D22: =IF((B22<>"-"),((E19*B22)-E19),"Select County") -> Select County
A24: Unit Rate | B24: =D24 -> Select County | D24: =IF((B22<>"-"),E19+D22,"Select County") -> Select County
A26: Budget Neutrality Factor | B26: 1
A27: Unit Budget Neutrality | B27: =IF((B22<>"-"),G29,"-") -> - | G27: =B26 -> 1
G28: =1-G27 -> 0
A29: Final Unit Rate | G29: =((B24+B22)*G27)-(B24+B22) -> #VALUE!
A30: Original Total Unit Rate | B30: =IF((B22<>"-"),B24+B27,"Select County") -> Select County
A32: 4/1/2014 COLA | B32: 0.01
A33: Cost of Living Adjustment | B33: =IF((B22<>"-"),B32*B30,"-") -> -
A35: Post 4/1/14 COLA Rate
A36: Post COLA Total Unit Rate | B36: =IF(B22<>"-",B33+B30,"-") -> -
A38: 7/1/2014 COLA | B38: 0.05
A39: Cost of Living Adjustment | B39: =IF(B22<>"-",B38*B36,"-") -> -
A41: Post 7/1/14 COLA Rate
A42: Post COLA Total Unit Rate | B42: =IF(B22<>"-",B39+B36,"-") -> -
A44: 7/1/2015 COLA | B44: 0.01
A45: Cost of Living Adjustment | B45: =IF(B22<>"-",B44*B42,"-") -> -
A47: Post 7/1/15 COLA Rate
A48: Post COLA Total Unit Rate | B48: =IF(B22<>"-",B45+B42,"Select County") -> Select County

Sheet Version
A6: 41610 | B6: Implementation version | C6: Version 1
A7: 41684 | B7: reordered RN/LPN fields | C7: Version 1
A8: 41684 | B8: updated precision to two on all sheets, except last totals sheet updated to a precision of 4 | C8: Version 1
A9: 41709 | B9: updated to reflect 4/1/2014 COLA increase of 1% | C9: Version 2
A10: 41808 | B10: updated to reflect 7/1/2014 COLA increase of 5% | C10: Version 3
A11: 42164 | B11: 7/1/15 COLA increase of 1% added | C11: Version 4
A12: 42339 | B12: Regional Variance Factor added | C12: Version 5
A13: 42522 | B13: Budget Neutrality Factor change from 100% to 105.1% | C13: Version 6
A14: 42522 | B14: Facilty Use charge changed from $19.30 to xyz | C14: Version 6
A15: 42522 | B15: Update RN/LPN units selection from Yes/No options to selection of 0-5 values. This syncs up Excel framework with current capabilities in RMS. | C15: Version 6
A16: 42887 | B16: Updateed wages and component values for 7/1/17 legislation | C16: Version 7
A17: 43101 | B17: Updated Regional Variance Factors | C17: Version 8
... A21: 43831 | B21: Hidden Budget Neutrality Factor | C21: Version 11
A22: TBD | B22: Added CWF | C22: Version 12
A23: 44197 | C23: Version 13
A24: 44287 | B24: Added Remote 1:1 option | C24: Version 14
A25: 44562 | B25: New value for direct care staff wage, supervisor wage, RN wage, LPN wage, client programming and support component, program facility component | C25: Version 15
A26: 44720 | B26: Updated staffing ratio and RVF | C26: Version 16
